 Dungeon Crawl Stone Soup version 0.23.2-30-g0e89c35649 (webtiles) character file.

Game seed: 439429774115494896

152 Belius the Vexing (level 5, -4/28 HPs)
             Began as a Deep Elf Enchanter on June 20, 2019.
             Slain by a gnoll
             ... wielding a +0 halberd
              (11 damage)
             ... on level 3 of the Dungeon.
             The game lasted 00:06:26 (2557 turns).

Belius the Vexing (Deep Elf Enchanter)              Turns: 2557, Time: 00:06:27

Health: -4/28      AC:  2    Str:  5    XL:     5   Next: 11%
Magic:  5/13       EV: 13    Int: 20    God:
Gold:   101        SH:  0    Dex: 16    Spells: 6/12 levels left

rFire    . . .     SeeInvis .   k - +2 dagger (drain)
rCold    . . .     Gourm    .   (no shield)
rNeg     . . .     Faith    .   b - +0 robe
rPois    .         Spirit   .   (no helmet)
rElec    .         Reflect  .   (no cloak)
rCorr    .         Harm     .   (no gloves)
MR       .....                  (no boots)
Stlth    ++++......             (no amulet)
HPRegen  0.09/turn              m - ring of stealth
MPRegen  0.13/turn              (no ring)

@: no status effects
A: no striking features
a: no special abilities


You were on level 3 of the Dungeon.
You were not hungry.

You visited 1 branch of the dungeon, and saw 3 of its levels.

You collected 101 gold pieces.

Inventory:

Hand Weapons
 k - a +2 dagger of draining (weapon)
Armour
 b - a +0 robe (worn)
Jewellery
 m - a ring of stealth (left hand)
Scrolls
 f - 2 scrolls of enchant armour
 g - a scroll of fog {unknown}
 h - a scroll of amnesia {unknown}
 i - 2 scrolls of remove curse
 j - a scroll of teleportation {unknown}
 l - a scroll of immolation {unknown}
Potions
 a - a potion of resistance {unknown}
 c - 2 potions of haste {unknown}
Comestibles
 d - 5 rations


   Skills:
 + Level 1.4 Short Blades
 + Level 2.6 Dodging
 + Level 5.1 Stealth
 + Level 4.3 Spellcasting
 + Level 5.3 Hexes
 - Level 1.2 Ice Magic


You had 6 spell levels left.
You knew the following spells:

 Your Spells              Type           Power        Failure   Level  Hunger
a - Corona                Hex            ####...      1%          1    None
b - Ensorcelled Hibernat  Hex/Ice        ###...       4%          2    #......
c - Confuse               Hex            ####....     4%          3    ###....

Your spell library contained the following spells:

 Spells                   Type           Power        Failure   Level  Hunger
 Tukima's Dance           Hex            ####....     4%          3    ###....
 Dazzling Spray           Conj/Hex       ###...       12%         3    ###....


Dungeon Overview and Level Annotations

Branches:
Dungeon (3/15)

Altars:


Message History

The gnoll hits you from afar with a +0 spear.
The giant cockroach bites you.
You struggle against the net.
The gnoll hits you from afar with a +0 spear.
The giant cockroach bites you but does no damage.
The gnoll completely misses you.
Okay, then.
You struggle against the net.
The gnoll closely misses you. The gnoll hits you but does no damage.
The giant cockroach barely misses you.
You shred the net and break free! The giant cockroach barely misses you.
The gnoll completely misses you.
The gnoll hits you from afar with a +0 halberd!
* * * LOW HITPOINT WARNING * * *
The gnoll closely misses you.
You see here a chunk of flesh.
The giant cockroach misses you.
There is a stone staircase leading up here.
The giant cockroach misses you. The giant cockroach closely misses you.
The gnoll hits you from afar with a +0 halberd!
You die...

#.#.#.## #.#....
#.#...#####
#.#........
#.#........
#.#........
#.#........ #
#.@).....g#
##..###.s...###.#
...>..g.g.....#
###.#.#.#.###.#
...#.#.#... #
#####.#.#g###.#
$.............#
#####.....#####
..........#


You could see 3 gnolls, a giant cockroach and a goblin (wandering).

Vanquished Creatures
  Terence (D:2)
  A worker ant (D:3)
  5 adders (D:2)
  A worm (D:2)
  A dart slug (D:1)
  A ball python (D:2)
  A giant cockroach (D:1)
  5 goblins
  7 hobgoblins
  7 jackals
  13 kobolds
  A quokka (D:2)
  2 bats (D:2)
  3 frilled lizards
  2 rats
51 creatures vanquished.

Notes
Turn   | Place    | Note
-------+----------+-------------------------------------------
     0 | D:1      | Belius the Deep Elf Enchanter began the quest for the Orb.
     0 | D:1      | Reached XP level 1. HP: 10/10 MP: 6/6
   481 | D:1      | Reached XP level 2. HP: 12/15 MP: 6/8
   485 | D:1      | Learned a level 2 spell: Ensorcelled Hibernation
  1096 | D:1      | Reached XP level 3. HP: 12/19 MP: 1/9
  1266 | D:2      | Noticed Terence
  1297 | D:1      | Learned a level 3 spell: Confuse
  1639 | D:2      | Reached skill level 1 in Ice Magic
  1749 | D:2      | Killed Terence
  1749 | D:2      | Reached XP level 4. HP: 24/24 MP: 4/11
  1835 | D:2      | Reached skill level 5 in Hexes
  2536 | D:3      | Reached skill level 5 in Stealth
  2536 | D:3      | Reached XP level 5. HP: 25/28 MP: 4/13
  2557 | D:3      | Slain by a gnoll

Skill      XL: |  1  2  3  4 |
---------------+-------------+-----
Stealth        | 4 5 |  5.1
Ice Magic      | 1 |  1.2
Hexes          | 5 |  5.3
Spellcasting   | 4 |  4.3
Short Blades   | |  1.4
Dodging        | |  2.6

Action                   |  1- 3 |  4- 6 || total
-------------------------+-------+-------++-------
Melee: Dagger            |    61 |    36 ||    97
 Cast: Corona            |     5 |       ||     5
       Ensorcelled Hiber |    37 |    24 ||    61
       Confuse           |     1 |     1 ||     2
  Use: Scroll            |       |     2 ||     2
 Stab: Sleeping          |    27 |    12 ||    39
       Confused          |     1 |       ||     1
       Distracted        |       |     1 ||     1
  Eat: Chunk             |     3 |     4 ||     7
Armor: Robe              |    13 |     8 ||    21
Dodge: Dodged            |    47 |    49 ||    96
